 Dungeon Crawl Stone Soup version 0.17-a0-995-gb5fa8d7 (webtiles) character file.

948 halfnothing the Conjurer (level 8, -4/41 HPs)
             Began as a Vine Stalker Monk on May 12, 2015.
             Was a Priest of Vehumet.
             Killed by nerve-wracking pain
             ... invoked by an orc priest
              (6 damage)
             ... on level 5 of the Dungeon.
             The game lasted 00:25:14 (4869 turns).

halfnothing the Conjurer (Vine Stalker Monk)        Turns: 4869, Time: 00:25:15

Health: -4/41      AC:  7    Str: 13    XL:     8   Next: 13%
Magic:  0/13       EV: 14    Int: 12    God:    Vehumet [***...]
Gold:   137        SH:  0    Dex: 18    Spells: 1 memorised, 12 levels left

rFire  . . .     SeeInvis .       - Unarmed
rCold  . . .     Clarity  .     a - +0 robe
rNeg   . . .     SustAb   .     (no shield)
rPois  .         Gourm    .     z - +0 helmet
rElec  .         Spirit   +     i - +0 cloak
rCorr  .         Warding  .     y - +2 pair of gloves
rMut   .         Stasis   .     (no boots)
MR     +....                    (no amulet)
Stlth  ++........               (no ring)
                                (no ring)

@: somewhat resistant to hostile enchantments, unstealthy
A: fangs 3, regeneration 2, magic shield, antimagic bite, no device heal 3, rot
immunity
a: Renounce Religion


You were on level 5 of the Dungeon.
You worshipped Vehumet.
Vehumet was most pleased with you.
You were not hungry.

You visited 2 branches of the dungeon, and saw 6 of its levels.

You collected 137 gold pieces.

Inventory:

Armour
 a - a +0 robe (worn)
 i - a +0 cloak (worn)
 y - a +2 pair of gloves (worn)
 z - a +0 helmet (worn)
Scrolls
 c - 2 scrolls of immolation {unknown}
 d - 3 scrolls of remove curse {unknown}
 f - a scroll of noise {unknown}
 h - a scroll of random uselessness {unknown}
 j - 4 scrolls of identify {unknown}
 l - a scroll of teleportation {unknown}
 m - a scroll of fear {unknown}
 o - a scroll of recharging {unknown}
 s - a scroll of fog {unknown}
 C - a scroll of blinking {unknown}
Potions
 e - a potion of flight {unknown}
 g - 3 potions of might {unknown}
 k - a potion of lignification {unknown}
 n - a potion of berserk rage {unknown}
 p - a potion of heal wounds {unknown}
 t - a potion of invisibility {unknown}
 u - a potion of magic {unknown}
 v - a potion of degeneration {unknown}
 w - a potion of mutation {unknown}
 x - a potion of cancellation {unknown}
 B - a potion of curing {unknown}
Comestibles
 b - 5 bread rations
 q - a beef jerky
 r - 3 fruits
 A - 10 chunks of flesh


   Skills:
 - Level 3.6 Fighting
 - Level 3.4 Dodging
 - Level 2.4 Stealth
 - Level 5.7 Unarmed Combat
 - Level 3.0 Spellcasting
 + Level 6.0 Conjurations


You had 12 spell levels left.
You knew the following spells:

 Your Spells              Type           Power        Failure   Level  Hunger
a - Sting                 Conj/Pois      #...         2%          1    #......


Dungeon Overview and Level Annotations

Branches:
Dungeon (5/15)             Temple (1/1) D:5

Altars:
Ashenzari
Cheibriados
Dithmenos
Fedhas
Kikubaaqudgha
Makhleb
Nemelex Xobeh
Okawaru
Qazlal
Ru
Sif Muna
Trog
Vehumet
Yredelemnul
Zin

Annotations:
D:3 Robin


Innate Abilities, Weirdness & Mutations

You have razor-sharp teeth.
You heal very quickly.
When hurt, damage is shared between your health and your magic reserves.
Your bite disrupts and absorbs the magic of your enemies.
Potions and wands cannot restore your health.
You are immune to rotting.


Message History

You punch the orc priest!
You kill the orc priest!
Vehumet accepts your kill.
You feel your power returning.
Your Conjurations skill increases to level 6!
An orc priest comes into view. It is wielding a club.
The kobold throws a stone.
The stone hits you but does no damage.
A shadow imp comes into view.
You see here a stone.
The kobold throws a stone.
The stone hits you but does no damage.
You see here a stone.
The orc priest mumbles some strange prayers to Beogh against you.
Something smites you!
* * * LOW HITPOINT WARNING * * *
The orc wizard gestures wildly while chanting.
The orc wizard flickers and vanishes!
Deactivating autopickup; reactivate with Ctrl-A.
The orc priest invokes the aid of Beogh against you.
Pain shoots through your body!
You die...

#.# #.#.# #. #.# #.#.# #. #.#
#.#.# #. #.# #.# #. #####.# #.#
#. #.....# #.# ###.#####.#####
#.# #...o(.##.# #.# #.##.#(##@#
#.# #.ooo#.{o.# #.#
...5...####### #.# ....... #.#
.$.....######### #.#
.......#.......# #.#
############.......# #.# .......#
#.......# #.#
######.#####.......#########.####


You could see an orc priest.

Vanquished Creatures
  2 ogres (D:4)
  An ice beast (D:5)
  The ghost of inmateoo the Scratcher, an average FeEn (D:5)
  5 orc priests
  A crimson imp (D:5)
  Crazy Yiuf (D:2)
  2 hounds
  4 orc wizards
  2 worker ants
  6 gnolls (D:5)
  6 adders
  An ooze (D:4)
  3 worms
  4 giant geckos
  9 orcs
  5 giant cockroaches
  12 goblins
  10 hobgoblins
  4 jackals (D:3)
  10 kobolds
  3 quokkas
  A ball python (D:2)
  15 bats
  A giant gecko skeleton (D:4)
  5 giant newts
  A quokka zombie (D:5)
  11 rats
126 creatures vanquished.

Notes
Turn   | Place    | Note
--------------------------------------------------------------
     0 | D:1      | halfnothing the Vine Stalker Monk began the quest for the Orb.
     0 | D:1      | Reached XP level 1. HP: 11/11 MP: 2/2
   355 | D:1      | Reached XP level 2. HP: 10/16 MP: 1/3
   994 | D:2      | Found a bloodstained altar of Trog.
  1031 | D:2      | Reached XP level 3. HP: 19/19 MP: 4/4
  1160 | D:2      | Noticed Crazy Yiuf
  1169 | D:2      | Killed Crazy Yiuf
  1169 | D:2      | Reached XP level 4. HP: 10/24 MP: 2/5
  1271 | D:2      | Reached skill level 5 in Unarmed Combat
  1686 | D:3      | Noticed Robin
  1774 | D:3      | Reached XP level 5. HP: 28/28 MP: 6/6
  2241 | D:3      | Gained mutation: You heal very quickly. [Vine Stalker growth]
  2241 | D:3      | Reached XP level 6. HP: 18/32 MP: 5/7
  2361 | D:3      | Found a radiant altar of Vehumet.
  2361 | D:3      | Found a deep blue altar of Sif Muna.
  2372 | D:3      | Became a worshipper of Vehumet
  2372 | D:3      | Acquired Vehumet's first power
  2372 | D:3      | Offered knowledge of Sting by Vehumet.
  2375 | D:3      | Learned a level 1 spell: Sting
  2489 | D:3      | Offered knowledge of Magic Dart by Vehumet.
  2700 | D:4      | Reached skill level 1 in Spellcasting
  2819 | D:4      | Reached skill level 1 in Conjurations
  2972 | D:4      | Reached XP level 7. HP: 18/36 MP: 5/11
  3405 | D:4      | Offered knowledge of Static Discharge by Vehumet.
  4191 | D:5      | Entered Level 5 of the Dungeon
  4242 | D:5      | Found a staircase to the Ecumenical Temple.
  4247 | D:5      | Acquired Vehumet's second power
  4351 | Temple   | Entered the Ecumenical Temple
  4625 | D:5      | Reached skill level 5 in Conjurations
  4821 | D:5      | Noticed inmateoo's ghost (average FeEn)
  4834 | D:5      | Killed inmateoo's ghost
  4834 | D:5      | Gained mutation: You have razor-sharp teeth. [Vine Stalker growth]
  4834 | D:5      | Reached XP level 8. HP: 27/41 MP: 10/13
  4860 | D:5      | Reached skill level 6 in Conjurations
  4868 | D:5      | HP: 1/41 [orc priest/divine providence (8)]
  4869 | D:5      | Killed from afar by an orc priest

Vault maps used:
D:1:      lightli_arrival_chessboard
D:2:      bloody_trog, first_bread, minmay_misc_feat_doors,
          uniq_crazy_yiuf_cottage
D:3:      gammafunk_temple_overflow_wave, hex_large, uniq_robin
D:5:      minmay_temple_entry_grid, serial_shops, shop
Temple:   eino_temple_water_12

Action                   |  1- 3 |  4- 6 |  7- 9 || total
-------------------------+-------+-------+-------++-------
Melee: Unarmed           |    80 |   174 |   165 ||   419
 Cast: Sting             |       |     2 |    21 ||    23
 Stab: Sleeping          |     6 |     8 |     2 ||    16
  Eat: Chunk             |     1 |     5 |     6 ||    12
       Fruit             |       |       |     1 ||     1
